 Dungeon Crawl Stone Soup version 0.27-a0-1513-g2aaa0cc67b (webtiles) character file.

Game seed: 11727562456569271223

84 bilbop the Caller (level 4, -5/25 HPs)
             Began as a Kobold Summoner on July 10, 2021.
             Killed by divine providence
             ... invoked by an orc priest
              (17 damage)
             ... on level 3 of the Dungeon.
             The game lasted 00:09:16 (3254 turns).

bilbop the Caller (Kobold Summoner)                 Turns: 3254, Time: 00:09:16

Health: -5/25      AC:  2    Str:  5    XL:     4   Next: 72%
Magic:  3/8        EV: 15    Int: 17    God:
Gold:   120        SH:  0    Dex: 15    Spells: 5/8 levels left

rFire    . . .     SeeInvis .   a - +0 dagger
rCold    . . .     Faith    .   (shield restricted)
rNeg     . . .     Spirit   .   b - +0 robe
rPois    .         Reflect  .   (no helmet)
rElec    .         Harm     .   (no cloak)
rCorr    .         Rampage  .   (no gloves)
Will     .....                  (no boots)
Stlth    +++.......             (no amulet)
HPRegen  0.08/turn              (no ring)
MPRegen  0.11/turn              (no ring)

@: no status effects
A: small, no large weapons, nightstalker 3
a: no special abilities


You were on level 3 of the Dungeon.
You visited 1 branch of the dungeon, and saw 3 of its levels.

You collected 120 gold pieces.

Inventory:

Hand Weapons
 a - a +0 dagger (weapon)
 j - a +0 short sword
Armour
 b - a +0 robe (worn)
Scrolls
 f - 2 scrolls of identify {unknown}
 i - a scroll of fear {unknown}
Potions
 c - a potion of haste {unknown}
 d - 2 potions of lignification {unknown}
 e - a potion of curing {unknown}
 g - a potion of degeneration {unknown}
 h - a potion of resistance {unknown}
 k - a potion of cancellation {unknown}


   Skills:
 + Level 1.5 Fighting
 + Level 1.7 Short Blades
 + Level 3.1 Dodging
 + Level 3.5 Stealth
 + Level 2.8 Spellcasting
 + Level 4.3 Summonings


You had 5 spell levels left.
You knew the following spells:

 Your Spells              Type           Power      Damage    Failure   Level
a - Summon Small Mammal   Summ           68%        N/A       3%          1
b - Call Imp              Summ           17%        N/A       4%          2

Your spell library contained the following spells:

 Spells                   Type           Power      Damage    Failure   Level
 Call Canine Familiar     Summ           17%        N/A       9%          3
 Summon Guardian Golem    Hex/Summ       9%         N/A       22%         3
 Ozocubu's Armour         Ice            2%         N/A       47%         3
 Summon Lightning Spire   Summ/Air       9%         N/A       58%         4
 Metabolic Englaciation   Hex/Ice        1%         N/A       99%         5
 Simulacrum               Ice/Necr       1%         N/A       100%        6


Dungeon Overview and Level Annotations

Branches:
Dungeon (3/15)

Altars:
Hepliaklqana
Xom


Innate Abilities, Weirdness & Mutations

You are small and have problems with some larger weapons.
You are completely attuned to the shadows.


Message History

Your white imp closely misses the orc priest.
You hit the orc wizard but do no damage.
The orc wizard is heavily wounded.
Your white imp barely misses the orc priest.
The orc priest invokes the aid of Beogh against you.
Pain shoots through your body! The orc wizard closely misses you.
The orc barely misses your white imp.
You hit the orc wizard.
The orc wizard is heavily wounded.
Your crimson imp barely misses the orc.
Your white imp hits the orc priest.
Your white imp freezes the orc priest.
The orc priest calls down the wrath of Beogh upon your white imp.
Your white imp is smitten.
Your white imp dies!
The orc wizard completely misses you.
The orc priest shouts!
You hit the orc wizard but do no damage.
The orc wizard is heavily wounded.
Casting: Call Imp (safe; 4% risk of failure)
Confirm with . or Enter, or press ? or * to list all spells.
A beastly little devil appears in a puff of flame.
Your crimson imp says, "You called?"
The orc wizard points at you and mumbles some strange words.
The magic dart hits you.
Your crimson imp blinks!
The orc priest closely misses you.
You barely miss the orc wizard.
The orc wizard is heavily wounded.
The orc wizard hits you with a +0 dagger.
The orc completely misses you.
Your crimson imp closely misses the orc wizard.
The orc priest closely misses you.
You completely miss the orc priest.
The orc priest is heavily wounded.
The orc wizard barely misses you. The orc misses you.
Your crimson imp closely misses the orc wizard.
The orc priest invokes the aid of Beogh against you.
Beogh smites you!
Ouch! That really hurt!
You die...

## .# .# .# .. .#
#. .# #§##### .#
#...... .###
#oo.5.. ...##
#.@o... .#..#
#..5.....# .##.#
#........# #.# #..
.##.## #........#
..##.# .##..#
#........# #.##.#
.###.## #......<.#
#.#†.. .# #..#
##..#..### #.....
.# ##.# #.##..#
###...#. .# #.####
#.##..#####§§...##


You could see an orc priest, an orc wizard (ally target), an orc and 2 friendly
crimson imps.

Vanquished Creatures
  An adder (D:3)
  A dart slug (D:2)
  4 endoplasms
  A giant cockroach (D:3)
  A hobgoblin (D:3)
  2 jackals (D:2)
  2 quokkas
  4 ball pythons
  2 bats
  2 frilled lizards
  3 goblins (D:2)
  5 kobolds
  5 rats
33 creatures vanquished.

Vanquished Creatures (collateral kills)
  An orc priest (D:3)
  2 adders
  A worm (D:3)
  2 dart slugs
  An endoplasm (D:2)
  A giant cockroach (D:3)
  A goblin (D:3)
  2 hobgoblins
  2 kobolds (D:1)
  2 bats (D:3)
15 creatures vanquished.

Grand Total: 48 creatures vanquished

Notes
Turn   | Place    | Note
-------+----------+-------------------------------------------
     0 | D:1      | bilbop the Kobold Summoner began the quest for the Orb.
     0 | D:1      | Reached XP level 1. HP: 10/10 MP: 3/3
   698 | D:1      | Reached XP level 2. HP: 16/16 MP: 0/5
  1959 | D:2      | Reached skill level 1 in Fighting
  1959 | D:2      | Reached XP level 3. HP: 20/20 MP: 0/6
  1962 | D:2      | Learned a level 2 spell: Call Imp
  2073 | D:2      | Reached skill level 1 in Short Blades
  2759 | D:3      | Found a faded altar of an unknown god.
  2987 | D:3      | Reached XP level 4. HP: 25/25 MP: 7/7
  3120 | D:3      | Found a hazy altar of Hepliaklqana.
  3121 | D:3      | Found a shimmering altar of Xom.
  3122 | D:3      | Noticed a spectral ugly thing
  3254 | D:3      | Killed from afar by an orc priest

Illustrated notes

Levels and vault maps discovered:
D:1:      psy_arrival_heroes, layout_basic
D:2:      layout_loops_ring
D:3:      layout_rooms, regret_index_temple_of_mockery,
          hellmonk_ecumenical_altar_crossroads

Skill      XL: |  1  2  3 |
---------------+----------+-----
Stealth        | 3 |  3.5
Fighting       | 1 |  1.5
Short Blades   | 1 |  1.7
Dodging        | 3 |  3.1
Spellcasting   | |  2.8
Summonings     | |  4.3

Action                   |  1- 3 |  4- 6 || total
-------------------------+-------+-------++-------
Melee: Short sword       |    35 |       ||    35
       Unarmed           |     2 |       ||     2
       Dagger            |    34 |    29 ||    63
 Cast: Summon Small Mamm |    17 |     1 ||    18
       Call Imp          |     9 |     5 ||    14
 Stab: Sleeping          |    20 |     4 ||    24
       Distracted        |     1 |       ||     1
Armor: Robe              |     9 |     2 ||    11
Dodge: Dodged            |    39 |    25 ||    64

Table legend: (Time is in decaauts)
 A = Elapsed time spent in this place.
 B = Non-inter-level travel time spent in this place.
 C = Inter-level travel time spent in this place.
 D = Time resting spent in this place.
 E = Time spent auto-exploring this place.
 F = Levels seen in this place.
 G = Mean time per level.
                   A        B        C        D        E       F      G
               +--------+--------+--------+--------+--------+-----+--------+
         Total |   3252 |   3199 |     53 |    150 |   2717 |   3 | 1084.0 |
       Dungeon |   3252 |   3199 |     53 |    150 |   2717 |   3 | 1084.0 |
               +--------+--------+--------+--------+--------+-----+--------+

Top non-repeatable levels by time:
     D:1: 1522 daAuts
     D:2: 1189 daAuts
     D:3: 540 daAuts
